 Dungeon Crawl Stone Soup version 0.27.1-1-g398f81649c (webtiles) character file.

Game seed: 3555128592041929662

6 Crownlay the Chiller (level 1, -1/13 HPs)
             Began as a Gnoll Ice Elementalist on Sept 18, 2021.
             Slain by a gnoll (7 damage)
             ... on level 1 of the Dungeon.
             The game lasted 00:00:19 (206 turns).

Crownlay the Chiller (Gnoll Ice Elementalist)        Turns: 206, Time: 00:00:19

Health: -1/13      AC:  2    Str:  7    XL:     1   Next: 90%
Magic:  5/6        EV: 13    Int: 14    God:
Gold:   21         SH:  0    Dex: 12    Spells: 8/9 levels left

rFire    . . .     SeeInvis .   d - +0 dagger
rCold    . . .     Faith    .   (no shield)
rNeg     . . .     Spirit   .   a - +0 robe
rPois    .         Reflect  .   (no helmet)
rElec    .         Harm     .   (no cloak)
rCorr    .         Rampage  .   (no gloves)
Will     .....                  (no boots)
Stlth    ++........             (no amulet)
HPRegen  0.04/turn              (no ring)
MPRegen  0.10/turn              (no ring)

@: no status effects
A: fangs 1, strong nose, distributed training
a: no special abilities


You were on level 1 of the Dungeon.
You visited 1 branch of the dungeon, and saw 1 of its levels.

You collected 21 gold pieces.

Inventory:

Hand Weapons
 d - a +0 dagger (weapon)
Armour
 a - a +0 robe (worn)
Scrolls
 b - a scroll of teleportation {unknown}
 e - a scroll of identify {unknown}
Potions
 c - a potion of curing {unknown}


   Skills:
 + Level 0.2 Fighting
 + Level 0.2 Short Blades
 + Level 0.2 Long Blades
 + Level 0.2 Axes
 + Level 0.2 Maces & Flails
 + Level 0.2 Polearms
 + Level 0.2 Staves
 + Level 0.2 Slings
 + Level 0.2 Bows
 + Level 0.2 Crossbows
 + Level 0.2 Throwing
 + Level 0.2 Armour
 + Level 4.4 Dodging
 + Level 4.0 Stealth
 + Level 0.2 Shields
 + Level 0.2 Unarmed Combat
 + Level 4.9 Spellcasting
 + Level 0.1 Conjurations
 + Level 0.1 Hexes
 + Level 0.1 Summonings
 + Level 0.1 Necromancy
 + Level 0.1 Translocations
 + Level 0.1 Transmutations
 + Level 0.1 Fire Magic
 + Level 7.0 Ice Magic
 + Level 0.1 Air Magic
 + Level 0.1 Earth Magic
 + Level 0.1 Poison Magic
 + Level 0.3 Invocations
 + Level 0.2 Evocations


You had 8 spell levels left.
You knew the following spells:

 Your Spells              Type           Power      Damage    Failure   Level
a - Freeze                Ice            92%        1d10      1%          1

Your spell library contained the following spells:

 Spells                   Type           Power      Damage    Failure   Level
 Frozen Ramparts          Ice            46%        1d6       3%          3
 Ozocubu's Armour         Ice            23%        N/A       3%          3
 Hailstorm                Conj/Ice       13%        3d5       36%         4


Dungeon Overview and Level Annotations

Branches:
Dungeon (1/15)

Altars:


Innate Abilities, Weirdness & Mutations

You have very sharp teeth.
Your uncanny sense of smell can sniff out nearby items.
Your experience applies equally to all skills.


Message History

The hobgoblin shouts!
A hobgoblin is nearby!
Things that are here:
a +0 dagger; a goblin corpse You freeze the hobgoblin.
The hobgoblin is moderately wounded.
You freeze the hobgoblin!
You kill the hobgoblin!
d - a +0 dagger
d - a +0 dagger (weapon)
HP restored.
e - a scroll labelled QOPRUB VAEPRI You open the door.
There is an open door here.
As you open the door, it creaks loudly!
You hear an angry hiss.
There is an open door here.
There is an open door here.
Found 2 fizzy ruby potions.
Found 8 gold pieces.
A hobgoblin comes into view.
A hobgoblin is nearby!
A gnoll comes into view. It is wielding a +0 whip.
The gnoll shouts!
Found a scroll labelled LEIRRU TAGOAL.
The gnoll hits you with a +0 whip!
Ouch! That really hurt!
A kobold comes into view. It is wielding a +0 short sword.
The hobgoblin shouts!
You are too injured to fight recklessly!
You are too injured to fight recklessly!
Casting: Freeze (safe; 1% risk of failure)
Confirm with . or Enter, or press ? or * to list all spells.
Aiming: Freeze (safe; 1% risk of failure)
Press: ? - help, Shift-Dir - straight line, f - hobgoblin
Aim: a hobgoblin You freeze the hobgoblin!
You kill the hobgoblin!
The kobold shouts!
The gnoll hits you with a +0 whip!
Ouch! That really hurt!
You die...

############
###..........#
............# .
####........$.###K.
.........!.......?
#................
#.........†....#∆
#.......@g....#
#..........#..#
#..........#
###.########
#.#########. ..#
#........... #.#
###.###.###. #.#
#.....# ## #.#
###.#.#.###


You could see a gnoll and a kobold.

Vanquished Creatures
  2 goblins (D:1)
  3 hobgoblins (D:1)
  A bat (D:1)
6 creatures vanquished.

Notes
Turn   | Place    | Note
-------+----------+-------------------------------------------
     0 | D:1      | Crownlay the Gnoll Ice Elementalist began the quest for the
                  | Orb.
     0 | D:1      | Reached XP level 1. HP: 13/13 MP: 6/6
   206 | D:1      | Slain by a gnoll

Illustrated notes

Levels and vault maps discovered:
D:1:      roderic_chinese_lattice_arrival, layout_basic

Action                   || total
-------------------------++-------
 Cast: Freeze            ||     8
Armor: Robe              ||     1
Dodge: Dodged            ||     2
